 Dungeon Crawl Stone Soup version 0.17-a0-1954-g0dddeaa (webtiles) character file.

415984 Geeful the Imperceptible (level 23, -3/119 HPs)
             Began as a Vine Stalker Enchanter on Oct 3, 2015.
             Was the Champion of Elyvilon.
             Slain by a juggernaut (82 damage)
             ... on level 2 of the Depths on Oct 4, 2015.
             The game lasted 07:27:58 (66887 turns).

Geeful the Imperceptible (Vine Stalker Enchanter)  Turns: 66887, Time: 07:27:58

Health: -3/119     AC: 19    Str: 14    XL:     23   Next: 60%
Magic:  0/42       EV: 24    Int: 24    God:    Elyvilon [******]
Gold:   562        SH:  9    Dex: 19    Spells: 13 memorised, 2 levels left

rFire  . . .     SeeInvis +     a - +9 quick blade (freeze)
rCold  + + +     Clarity  .     B - +1 robe of the Moon {rC+ MR++}
rNeg   + . .     SustAt   .     P - +3 buckler {AC+3}
rPois  +         Gourm    .     W - +3 crown of Dyrovepreva {rElec Int+2 SInv}
rElec  +         Spirit   +     X - +2 cloak
rCorr  .         Warding  .     m - +0 pair of gloves "Yresuij" {rElec rC+ rN+}
rMut   .         Stasis   .     j - +2 pair of boots {run}
MR     +++++                    v - amulet of a Thousand Wars {Spirit rC+}
Stlth  +++++++++.               M - ring "Sotok" {rPois rC+ MR+ Dex+2}
                                l - +3 ring of protection

@: very slightly contaminated, hasted, repel missiles, very quick, almost
entirely resistant to hostile enchantments, incredibly stealthy
A: fangs 3, repulsion field 1, agile 1, cold resistance 1, magic resistance 1,
regeneration 3, magic shield, antimagic bite, no device heal 3, rot immunity,
subdued magic 1
a: Lesser Healing, Divine Protection, Heal Other, Purification, Greater Healing,
Divine Vigour, Renounce Religion
}: 2/15 runes: decaying, gossamer


You were on level 2 of the Depths.
You worshipped Elyvilon.
Elyvilon was exalted by your worship.
You were not hungry.

You visited 9 branches of the dungeon, and saw 45 of its levels.
You also visited: Labyrinth, Sewer, Bailey and Ice Cave.

You collected 6376 gold pieces.
You spent 4334 gold pieces at shops.

Inventory:

Hand weapons
 a - a +9 quick blade of freezing (weapon)
 b - a +8 double sword of slicing
 N - the +9 blowgun "Uliqoap" {evade, rPois}
   (You bought it in a shop on level 4 of the Orcish Mines)

   It affects your evasion (+5 to EV).
   It protects you from poison.
Missiles
 k - 2 throwing nets (quivered)
 s - 127 poisoned needles
 D - 22 curare-tipped needles
Armour
 j - a +2 pair of boots of running (worn)
 m - the +0 pair of gloves "Yresuij" (worn) {rElec rC+ rN+}
   (You acquired it on level 2 of the Elven Halls)

   It protects you from cold.
   It insulates you from electricity.
   It protects you from negative energy.
 B - the +1 robe of the Moon (worn) {rC+ MR++}
   (You bought it in a shop on level 1 of the Orcish Mines)

   It protects you from cold.
   It affects your resistance to hostile enchantments.
 G - the +2 robe "Giunolaa" {rPois rF+ SInv}
   (You took it off an iron imp on level 1 of the Depths)

   It protects you from fire.
   It protects you from poison.
   It lets you see invisible.
 P - a +3 buckler of protection (worn)
 W - the +3 crown of Dyrovepreva (worn) {rElec Int+2 SInv}
   (You found it on level 3 of the Elven Halls)

   It affects your intelligence (+2).
   It insulates you from electricity.
   It lets you see invisible.
 X - a +2 cloak (worn)
Jewellery
 c - an uncursed amulet of warding
 l - a +3 ring of protection (left hand)
 t - an uncursed amulet of resist corrosion
 v - the amulet of a Thousand Wars (around neck) {Spirit rC+}
   (You found it in a labyrinth)

   [amulet of guardian spirit]

   It causes incoming damage to be split between your health and magic.
   It protects you from cold.
 y - an uncursed ring of positive energy
 C - an uncursed amulet of clarity
 E - an uncursed ring of protection from fire
 L - the ring of Azutounk {+Blink MR+ Str+4, unknown}
   (You took it off a deep elf high priest on level 3 of the Elven Halls)

   [ring of strength]

   It affects your strength (+4).
   It affects your resistance to hostile enchantments.
   It lets you blink.
 M - the ring "Sotok" (right hand) {rPois rC+ MR+ Dex+2}
   (You found it on level 4 of the Vaults)

   [ring of protection from magic]

   It affects your dexterity (+2).
   It protects you from cold.
   It protects you from poison.
   It affects your resistance to hostile enchantments.
 U - a +6 ring of dexterity
Magical devices
 i - a wand of teleportation (4)
 w - a wand of hasting (0)
Scrolls
 e - 12 scrolls of teleportation
 g - 18 scrolls of remove curse
 n - 8 scrolls of recharging
 o - 2 scrolls of summoning
 u - 4 scrolls of enchant armour
 z - 4 scrolls of identify
 I - 2 scrolls of magic mapping
 Q - 3 scrolls of blinking
 T - 2 scrolls of fear
Potions
 h - 11 potions of curing
 q - 8 potions of might
 A - a potion of cure mutation
 H - 5 potions of brilliance
 K - 5 potions of haste
 O - 5 potions of agility
 R - 4 potions of flight
 S - 5 potions of resistance
 V - 3 potions of invisibility
 Y - 2 potions of cancellation
Miscellaneous
 f - 2 phantom mirrors
Comestibles
 d - 25 bread rations
 r - 2 beef jerkies
 x - 17 meat rations
 F - 12 royal jellies


   Skills:
 - Level 11.9 Fighting
 - Level 12.0(14.3) Short Blades
 + Level 13.2(14.8) Long Blades
 - Level 3.6 Throwing
 - Level 3.5 Armour
 - Level 11.4 Dodging
 + Level 23.7 Stealth
 - Level 5.1 Shields
 - Level 14.0 Spellcasting
 + Level 17.7 Hexes
 - Level 9.0 Invocations


You had 2 spell levels left.
You knew the following spells:

 Your Spells              Type           Power        Failure   Level  Hunger
a - Dazzling Spray        Conj/Hex       #####...     1%          3    None
b - Ensorcelled Hibernat  Hex/Ice        #####.       1%          2    None
c - Confuse               Hex            ######..     0%          3    None
d - Tukima's Dance        Hex            ######..     0%          3    None
e - Cause Fear            Hex            ######....   0%          4    None
f - Discord               Hex            ######....   9%          8    #######
g - Darkness              Hex            ######....   1%          6    #####..
h - Invisibility          Hex            ######..     1%          6    #####..
i - Repel Missiles        Chrm/Air       ##....       2%          2    None
j - Blink                 Tloc           N/A          2%          2    None
k - Shroud of Golubria    Chrm/Tloc      ##........   2%          2    None
l - Silence               Hex/Air        #####.....   1%          5    ###....
m - Slow                  Hex            ######..     0%          2    None


Dungeon Overview and Level Annotations

Branches:
Dungeon (15/15)            Temple (1/1) D:4            Lair (8/8) D:8
  Swamp (4/4) Lair:4       Spider (4/4) Lair:6        Slime (0/6) Lair:8
    Orc (4/4) D:12            Elf (3/3) Orc:3        Vaults (4/5) D:13
  Crypt (0/3) Vaults:2     Depths (2/5) D:15

Altars:
Ashenzari
Cheibriados
Dithmenos
Elyvilon
Fedhas
Gozag
Kikubaaqudgha
Makhleb
Nemelex Xobeh
Okawaru
Qazlal
Ru
Sif Muna
Trog
Vehumet
Xom
Yredelemnul
Zin
The Shining One
Jiyva

Shops:
D:7 [   D:8 ?   Orc:1 }*}=(   Orc:4 :*[(   Elf:1 *}(   Vaults:1 ?[[*
Vaults:2 ?   Vaults:4 ???:(   Depths:2 [*

Portals:
Hell: Depths:1 Depths:2


Innate Abilities, Weirdness & Mutations

You have razor-sharp teeth.
You regenerate.
When hurt, damage is shared between your health and your magic reserves.
Your bite disrupts and absorbs the magic of your enemies.
Potions and wands cannot restore your health.
You are immune to rotting.
You are surrounded by a mild repulsion field (EV +2).
You are agile. (Dex +2)
Your flesh is cold resistant.
You are resistant to hostile enchantments.
Your spells are a little easier to cast, but a little less powerful.


Message History

You are very lightly contaminated with residual magic.
This wand has 0 charges left.
You hit the juggernaut but do no damage.
You barely miss the juggernaut. You hit the juggernaut.
You freeze the juggernaut. Your bite misses the juggernaut.
The juggernaut is lightly wounded.
You hit the juggernaut but do no damage.
Your bite misses the juggernaut.
The juggernaut is lightly wounded.
You hit the juggernaut but do no damage.
Your bite misses the juggernaut.
The juggernaut is lightly wounded.
You hit the juggernaut but do no damage.
The juggernaut is lightly wounded.
You hit the juggernaut but do no damage.
The juggernaut is lightly wounded.
The juggernaut hits you!!!!
Ouch! That really hurt!
You die...

##.∩....(#()..........≈..........
#...........[....))(.............
##..#..........[...)...[.....>...
#####(..............))........#.
#####[(.........................
##.cc.(..................).......
#..Dc.(..........................
.......#.#.............[........#
..8...####......@C..)........<..#
..C..## ##............(........#
#.(.## ##.....................##
#'### #.....#.................#
.. ##...###................. .#
#...#..........###...... #
#####.........## ##..≈≈.
###........# #..≈≈≈ #........#
#..≈≈≈


You could see a juggernaut.

Vanquished Creatures
  Saint Roka (Elf:2)
  A golden dragon (Depths:1)
  Xtahua (Vaults:2)
  A bone dragon (Swamp:4)
  Arachne (Spider:3)
  Jorgrun (Spider:4)
  A lich (Depths:2)
  A tentacled monstrosity (Vaults:4)
  Rupert (D:15)
  An Ice Fiend (IceCv)
  3 deep elf blademasters (Elf:3)
  A titan (Vaults:4)
  2 deep elf master archers (Elf:3)
  3 sphinxes
  2 acid blobs (Lair:8)
  Gastronok (D:8)
  A storm dragon (Vaults:1)
  2 tengu reavers
  Kirke (Spider:2)
  A shadow dragon (Vaults:4)
  4 thorn hunters
  2 fire giants
  Roxanne (Elf:2)
  7 deep elf sorcerers
  A frost giant (Depths:1)
  7 ghost moths
  7 vault wardens
  Aizul (Spider:2)
  Louise (D:15)
  10 ironheart preservers
  6 emperor scorpions (Spider:4)
  10 very ugly things
  10 stone giants
  4 deep elf demonologists (Elf:3)
  10 deep elf annihilators
  Azrael (D:14)
  A salamander stormcaller (Vaults:4)
  3 ettins
  The ghost of dontdoit the Unseen, a powerful SpEn of Nemelex Xobeh (Elf:2)
  6 deep elf death magi
  A minotaur (Lab)
  Snorg (D:12)
  A crystal guardian (Vaults:4)
  An eidolon (Vaults:2)
  A jiangshi (Depths:2)
  2 vault guards (Vaults:3)
  9 yaktaur captains
  4 deep elf high priests
  5 great orbs of eyes
  2 ghost crabs (Swamp:4)
  Harold (Lair:3)
  22 hydras
  5 ice dragons
  A spriggan air mage (Depths:2)
  2 rakshasas
  A catoblepas (D:13)
  3 entropy weavers
  13 centaur warriors
  17 death yaks
  7 alligators
  2 tengu warriors
  16 dancing weapons
  10 ogre magi
  6 deep troll earth magi
  5 deep troll shamans
  3 iron trolls
  The ghost of Sixotanaka the Geomancer, an experienced OpEE of Vehumet (D:9)
  11 spriggans
  A storm dragon zombie (Vaults:3)
  A sun demon (Depths:1)
  The ghost of weded the Basher, an experienced GrFi of Okawaru (D:10)
  A sea snake (shapeshifter) (Vaults:2)
  2 soul eaters (Depths:1)
  15 deep elf knights
  2 fire crabs
  3 ice devils
  12 deep elf summoners
  A quicksilver dragon simulacrum (Depths:1)
  3 giant orange brains
  7 skeletal warriors
  A death drake (Swamp:4)
  2 flayed ghosts
  3 shadow wraiths
  4 swamp dragons
  2 phantasmal warriors
  A shadow demon (Depths:1)
  4 spectral hydras (Swamp:4)
  2 ice statues (IceCv)
  15 deep trolls
  An obsidian statue (Depths:1)
  17 orb spiders
  5 orc knights
  A shambling mangrove (Swamp:2)
  4 harpies (Vaults:3)
  3 hill giants
  8 necromancers
  4 wizards
  3 unseen horrors
  2 tengu skeletons (Depths:1)
  6 ironbrand convokers
  4 orc sorcerers
  18 deep elf conjurers
  25 wolf spiders
  A stone giant zombie (Vaults:3)
  4 hornets
  38 ugly things
  4 griffons
  2 frost giant zombies (Depths:1)
  9 wolf spider zombies (Spider:2)
  12 cyclopes
  A cyclops (shapeshifter) (D:13)
  2 manticores
  4 moths of wrath
  An octopode (shapeshifter) (D:15)
  4 black mambas
  2 guardian serpents (shapeshifter)
  A rust devil (Depths:1)
  Joseph (D:8)
  11 elephants
  2 guardian serpents
  A frost giant skeleton (Depths:1)
  A torpor snail (Spider:4)
  Psyche (D:8)
  2 yaktaurs (shapeshifter)
  12 vault sentinels
  2 gargoyles
  An orange demon (Depths:1)
  A spiny frog (shapeshifter) (D:15)
  5 komodo dragons
  A yaktaur zombie (Depths:1)
  39 yaktaurs
  18 spiny frogs
  3 swamp worm zombies (Swamp:4)
  8 freezing wraiths
  9 demonic crawlers
  5 kobold demonologists
  5 spriggan druids
  An efreet (D:14)
  29 jumping spiders
  3 trolls
  7 hydra zombies (Swamp:4)
  The ghost of AvaKnavely the Slicer, an experienced SpAK of Lugonu (D:8)
  2 red devils (Depths:1)
  A tengu conjurer (Depths:1)
  12 blue devils
  4 giant leeches
  7 polar bears
  A sphinx simulacrum (Vaults:2)
  A two-headed ogre (shapeshifter) (Vaults:3)
  A jumping spider (shapeshifter) (Vaults:1)
  12 deep elf priests
  3 spectral swamp dragons (Swamp:4)
  12 bog bodies
  38 slime creatures
  8 boulder beetles
  A spriggan zombie (Depths:1)
  15 blink frogs
  An ice dragon zombie (Depths:1)
  2 alligator zombies (Swamp:4)
  8 tarantella zombies (Spider:2)
  3 air elementals
  4 shadows
  A spriggan skeleton (Depths:1)
  28 tarantellas
  17 trapdoor spiders
  A fire giant simulacrum (Depths:1)
  A trapdoor spider (shapeshifter) (D:15)
  9 two-headed ogres
  A spriggan (shapeshifter) (Vaults:1)
  3 water elementals
  30 yaks
  45 redbacks
  A wraith (Vaults:1)
  5 fire elementals
  8 hippogriffs
  22 deep elf magi
  A stone giant simulacrum (Vaults:1)
  3 wyverns
  5 basilisks
  26 vampire mosquitoes
  7 hogs
  Menkaure (D:5)
  28 deep elf fighters
  18 insubstantial wisps
  25 wolves
  8 porcupines
  The ghost of weded the Shield-Bearer, an average GrFi of Okawaru (D:4)
  6 wargs
  31 spiders
  13 swamp worms
  A mottled dragon (D:14)
  13 water moccasins
  2 hell hounds
  10 phantoms
  An entropy weaver simulacrum (Depths:1)
  2 sky beasts
  Purgy (Sewer)
  12 swamp drakes
  39 ogres
  A boggart (Vaults:3)
  24 orc warriors
  A necrophage (D:12)
  7 black bears
  5 ice beasts
  9 wasps
  15 centaurs
  3 big kobolds
  16 crocodiles
  18 giant frogs
  9 spider zombies (Spider:2)
  A wyvern skeleton (D:10)
  25 killer bees
  A water moccasin skeleton (D:7)
  3 scorpions
  6 electric eels
  15 crimson imps
  22 orc priests
  A wasp zombie (D:12)
  3 centaur zombies
  4 giant frog zombies
  6 jellies
  26 orc wizards
  3 giant frog skeletons
  2 quasits
  11 hounds
  4 centaur skeletons
  4 iron imps (Depths:1)
  9 worker ants
  13 iguanas
  A spectral swamp drake (Swamp:4)
  5 hell rats (Lair:3)
  2 killer bee zombies
  22 sheep
  8 gnolls
  7 adders
  47 river rats
  3 shadow imps
  19 white imps
  5 ufetubi (IceCv)
  6 oozes
  An adder zombie (D:8)
  2 adder skeletons
  A worm (D:5)
  175 orcs
  4 ball pythons
  14 bats
  13 giant cockroaches
  15 goblins
  12 hobgoblins
  4 quokkas
  8 giant geckos
  A giant gecko skeleton (D:4)
  5 giant newts
  13 jackals
  A jackal skeleton (D:7)
  34 kobolds
  A quokka skeleton (D:4)
  8 rats
  2 briar patches (Swamp:2)
  2 fungi
1981 creatures vanquished.

Vanquished Creatures (collateral kills)
  Asterion (Depths:2)
  A deep elf blademaster (Elf:3)
  A storm dragon (Depths:2)
  Wiglaf (Vaults:2)
  2 vault wardens
  3 deep elf sorcerers (Elf:3)
  9 ironheart preservers
  3 deep elf demonologists
  A deep elf annihilator (Elf:3)
  3 vault guards
  6 ettins
  A deep elf death mage (Elf:3)
  A fire dragon (Depths:2)
  Erolcha (Orc:1)
  2 ogre magi (Vaults:3)
  A catoblepas (D:13)
  A spriggan air mage (Depths:2)
  Urug (D:10)
  6 deep trolls
  7 deep elf knights
  8 ironbrand convokers
  A shadow dragon zombie (Vaults:3)
  An orb spider (Spider:4)
  A deep elf summoner (Elf:3)
  4 hill giants
  3 deep elf conjurers
  9 orc knights
  Maurice (D:8)
  2 gargoyles
  4 deep elf priests
  8 yaktaurs
  A tengu conjurer (D:14)
  6 two-headed ogres
  3 deep elf magi
  A tarantella (Spider:4)
  A wyvern (D:15)
  An air elemental (Depths:2)
  2 spriggans (Swamp:1)
  5 deep elf fighters
  A wraith (Vaults:2)
  A warg (Orc:4)
  16 orc warriors
  An ice beast (D:10)
  17 ogres
  A wasp (Swamp:1)
  A centaur (Depths:2)
  2 orc priests
  5 orc wizards
  A worker ant (D:7)
  39 orcs
199 creatures vanquished.

Vanquished Creatures (others)
  Donald (Swamp:4)
  A deep elf high priest (Elf:3)
  An unseen horror (D:13)
  An ironbrand convoker (Vaults:4)
  An ugly thing (Depths:1)
  37 dancing weapons
  A jumping spider (Spider:2)
  A swamp worm (shapeshifter) (D:15)
  An ice dragon simulacrum (Depths:1)
  2 ogres (Depths:1)
  An orc wizard (D:8)
  6 white imps
  2 ufetubi (IceCv)
  4 orcs
  12 fungi
  10 plants
82 creatures vanquished.

Grand Total: 2262 creatures vanquished

Notes
Turn   | Place    | Note
--------------------------------------------------------------
     0 | D:1      | Geeful the Vine Stalker Enchanter began the quest for the Orb.
     0 | D:1      | Reached XP level 1. HP: 9/9 MP: 4/4
   136 | D:1      | Reached XP level 2. HP: 8/13 MP: 3/6
   171 | D:1      | Learned a level 2 spell: Ensorcelled Hibernation
   384 | D:1      | Reached XP level 3. HP: 16/16 MP: 8/8
   434 | D:1      | Found a sparkling altar of Nemelex Xobeh.
   600 | D:1      | Learned a level 3 spell: Confuse
   678 | D:2      | Found a bloodstained altar of Trog.
   678 | D:2      | Found a deep blue altar of Sif Muna.
   679 | D:2      | Found a stormy altar of Qazlal.
   695 | D:2      | Found a shadowy altar of Dithmenos.
  1536 | D:3      | Reached skill level 4 in Hexes
  1541 | D:3      | Reached XP level 4. HP: 21/21 MP: 6/9
  1729 | D:3      | Found a shattered altar of Ashenzari.
  1887 | D:3      | Found a glowing drain.
  1950 | D:3      | Reached XP level 5. HP: 4/24 MP: 1/10
  2006 | Sewer    | Entered a sewer
  2096 | Sewer    | Noticed Purgy
  2118 | Sewer    | Killed Purgy
  2118 | Sewer    | Reached skill level 5 in Stealth
  2118 | Sewer    | Reached skill level 5 in Hexes
  2248 | D:3      | Learned a level 3 spell: Tukima's Dance
  2318 | D:3      | Gained mutation: You heal very quickly. [Vine Stalker growth]
  2318 | D:3      | Reached XP level 6. HP: 26/28 MP: 9/11
  2455 | D:3      | Found a basalt altar of Yredelemnul.
  2807 | D:4      | Found a staircase to the Ecumenical Temple.
  2823 | Temple   | Entered the Ecumenical Temple
  2858 | Temple   | Became a worshipper of Elyvilon the Healer
  3010 | D:4      | Reached skill level 1 in Shields
  3064 | D:4      | Noticed weded's ghost (average GrFi)
  3172 | D:4      | Found an ancient bone altar of Kikubaaqudgha.
  3738 | D:4      | Reached XP level 7. HP: 17/32 MP: 10/12
  4107 | D:5      | Entered Level 5 of the Dungeon
  4144 | D:5      | Found a radiant altar of Vehumet.
  4363 | D:5      | Reached skill level 5 in Shields
  4364 | D:5      | HP: 1/32 [orc/hand axe (3)]
  4499 | D:5      | Reached skill level 1 in Short Blades
  4650 | D:5      | Reached skill level 1 in Fighting
  4750 | D:5      | Gained mutation: You have razor-sharp teeth. [Vine Stalker growth]
  4750 | D:5      | Reached XP level 8. HP: 37/37 MP: 1/13
  4809 | D:5      | Noticed Menkaure
  4824 | D:5      | Killed Menkaure
  4879 | D:5      | Acquired Elyvilon's first power
  5375 | D:6      | Reached skill level 6 in Stealth
  6053 | D:7      | Reached XP level 9. HP: 23/44 MP: 12/14
  6091 | D:7      | Reached skill level 7 in Stealth
  6153 | D:7      | Found Beomaal's Antique Armour Emporium.
  6160 | D:7      | Bought a shiny helmet for 135 gold pieces
  6188 | D:7      | Acquired Elyvilon's second power
  6713 | D:7      | Found a glowing golden altar of the Shining One.
  6865 | D:8      | Reached skill level 1 in Throwing
  6936 | D:8      | Reached skill level 8 in Stealth
  6985 | D:8      | Noticed Gastronok
  7001 | D:8      | Noticed Psyche
  7020 | D:8      | Killed Psyche
  7079 | D:8      | Noticed Joseph
  7113 | D:8      | Killed Joseph
  7113 | D:8      | Reached skill level 5 in Short Blades
  7113 | D:8      | Reached XP level 10. HP: 21/51 MP: 2/15
  7287 | D:8      | Noticed AvaKnavely's ghost (experienced SpAK)
  7422 | D:8      | Killed Gastronok
  7422 | D:8      | Reached skill level 5 in Fighting
  7422 | D:8      | Reached skill level 5 in Dodging
  7422 | D:8      | Reached skill level 9 in Stealth
  7524 | D:8      | Found a staircase to the Lair.
  7913 | D:4      | Killed weded's ghost
  8255 | D:8      | Found Karepn's Magic Scroll Emporium.
  8263 | D:8      | Bought a scroll of magic mapping for 56 gold pieces
  8326 | D:8      | Killed AvaKnavely's ghost
  8560 | D:8      | Noticed Maurice
  8609 | D:8      | Killed Maurice
  8959 | D:9      | Learned a level 3 spell: Dazzling Spray
  8964 | D:9      | Learned a level 4 spell: Cause Fear
  8978 | D:9      | Reached skill level 10 in Stealth
  9001 | D:9      | Found an opulent altar of Gozag.
  9096 | D:9      | Reached XP level 11. HP: 56/56 MP: 16/16
  9169 | D:9      | Acquired Elyvilon's third power
  9174 | D:9      | Got a shimmering robe
  9185 | D:9      | Identified the +2 robe of Hysteria {rF+ Str+3} (You found it on level 9 of the Dungeon)
  9238 | D:9      | Reached skill level 1 in Invocations
  9249 | D:9      | Noticed Sixotanaka's ghost (experienced OpEE)
  9383 | Lair:1   | Entered Level 1 of the Lair of Beasts
  9856 | Lair:1   | Found a radiant altar of Vehumet.
  9994 | Lair:1   | Acquired Elyvilon's fourth power
 10288 | Lair:2   | Noticed a seven-headed hydra
 10449 | Lair:2   | Reached skill level 11 in Stealth
 10565 | Lair:1   | Elyvilon protects you from harm!
 11065 | D:9      | Killed Sixotanaka's ghost
 11390 | D:10     | Entered Level 10 of the Dungeon
 11475 | D:10     | Identified a scroll of acquirement
 11571 | D:10     | Noticed weded's ghost (experienced GrFi)
 11574 | D:10     | Found a shattered altar of Ashenzari.
 11594 | D:10     | Killed weded's ghost
 11646 | D:10     | Noticed a hill giant
 11664 | D:10     | Killed a hill giant
 11817 | D:10     | Noticed a hill giant
 11830 | D:10     | Killed a hill giant
 11830 | D:10     | Reached skill level 5 in Invocations
 11915 | D:10     | Noticed Urug
 11936 | D:10     | Killed Urug
 11936 | D:10     | Reached skill level 12 in Stealth
 12071 | D:10     | Gained mutation: You regenerate. [Vine Stalker growth]
 12071 | D:10     | Reached XP level 12. HP: 61/61 MP: 17/17
 12313 | D:11     | Acquired Elyvilon's fifth power
 12313 | D:11     | Found an opulent altar of Gozag.
 12402 | D:11     | Found a flagged portal.
 12416 | Bailey   | Entered a bailey
 14014 | D:12     | Reached skill level 13 in Stealth
 14043 | D:12     | Found a staircase to the Orcish Mines.
 14716 | D:12     | Found a bloodstained altar of Trog.
 15394 | D:13     | Found a labyrinth entrance.
 15410 | Lab      | Entered a labyrinth
 15588 | Lab      | Noticed a minotaur
 15590 | Lab      | Killed a minotaur
 15590 | Lab      | Reached skill level 14 in Stealth
 15593 | Lab      | Got an ancient platinum amulet
 15596 | Lab      | Got a ripped robe
 15598 | Lab      | Identified the amulet of a Thousand Wars {Spirit rC+} (You found it in a labyrinth)
 15618 | D:13     | Identified a +2 pair of boots of running (You found it in a labyrinth)
 15629 | D:13     | Identified the +0 robe "Kuith" {rPois rF++ MP+9 Dex+4} (You found it in a labyrinth)
 15673 | D:13     | Noticed a vault guard
 15673 | D:13     | Found a gate to the Vaults.
 15684 | D:13     | Killed a vault guard
 15686 | D:13     | Reached XP level 13. HP: 65/65 MP: 20/20
 15741 | D:13     | Reached skill level 10 in Hexes
 15832 | D:13     | Identified a +0 rod of inaccuracy (10/10) (You found it on level 13 of the Dungeon)
 15833 | D:13     | Identified a -3 rod of the swarm (10/10) (You found it in a labyrinth)
 16437 | Orc:1    | Entered Level 1 of the Orcish Mines
 16614 | Lair:1   | Killed a seven-headed hydra
 17984 | Lair:3   | Reached skill level 1 in Armour
 18130 | Lair:3   | Noticed Harold
 18146 | Lair:3   | Killed Harold
 18941 | Lair:4   | Found a staircase to the Swamp.
 20879 | Lair:6   | Reached XP level 14. HP: 70/72 MP: 21/21
 21125 | Lair:6   | Reached XP level 15. HP: 27/77 MP: 19/22
 21417 | Lair:6   | Found a hole to the Spider Nest.
 22401 | Lair:6   | HP: 3/78 [death yak (21)]
 23607 | Lair:8   | Entered Level 8 of the Lair of Beasts
 24001 | Lair:7   | Reached skill level 5 in Spellcasting
 24225 | Lair:8   | Found a runed door.
 24286 | Lair:8   | Found a viscous altar of Jiyva.
 24290 | Lair:8   | Noticed an acid blob
 24321 | Lair:8   | Found a staircase to the Slime Pits.
 24330 | Lair:8   | Killed an acid blob
 25915 | Lair:8   | Noticed an acid blob
 26046 | Lair:8   | Killed an acid blob
 26046 | Lair:8   | Reached XP level 16. HP: 48/84 MP: 27/27
 26638 | Orc:1    | Noticed Snorg
 26707 | D:12     | Killed Snorg
 26707 | D:12     | Reached skill level 10 in Short Blades
 26850 | Orc:1    | Found Keumirim's Gadget Emporium.
 26925 | Orc:1    | Found Roxik's Jewellery Emporium.
 26929 | Orc:1    | Found Rexzam's Weapon Boutique.
 27003 | Orc:1    | Found Wosh's Assorted Antiques.
 27004 | Orc:1    | Noticed Erolcha
 27015 | Orc:1    | Killed Erolcha
 27108 | Orc:1    | Found Ippof's Gadget Shop.
 27109 | Orc:1    | Bought a wizard robe for 148 gold pieces
 27170 | Orc:1    | Identified the +1 robe of the Moon {rC+ MR++} (You bought it in a shop on level 1 of the Orcish Mines)
 27847 | Orc:3    | Found a staircase to the Elven Halls.
 28592 | Orc:4    | Entered Level 4 of the Orcish Mines
 28592 | Orc:4    | Found Plog's Antique Armour Shoppe.
 28861 | Orc:4    | Found Naingeil's Antique Weapon Boutique.
 29125 | Orc:4    | Reached skill level 10 in Fighting
 29154 | Orc:4    | Found Umoone's General Store.
 29200 | Orc:4    | Bought a scroll of identify for 28 gold pieces
 29259 | Orc:4    | Bought a brightly glowing blowgun for 195 gold pieces
 29265 | Orc:4    | Identified the +9 blowgun "Uliqoap" {evade, rPois} (You bought it in a shop on level 4 of the Orcish Mines)
 29362 | Orc:4    | Found Anemmei's Book Shop.
 29789 | Orc:1    | Bought a phantom mirror for 360 gold pieces
 30009 | D:13     | Upgraded the game from 0.17-a0-1952-ge2ddec9 to 0.17-a0-1954-g0dddeaa
 30104 | D:13     | Reached skill level 10 in Dodging
 30317 | D:13     | Noticed a catoblepas
 30375 | D:13     | Killed a catoblepas
 30468 | D:13     | Noticed a catoblepas
 30495 | D:13     | Killed a catoblepas
 30563 | D:13     | Noticed an ice dragon
 30570 | D:13     | Noticed a six-headed hydra
 30634 | D:13     | Killed a seven-headed hydra
 30640 | D:13     | Killed an ice dragon
 31754 | D:15     | Entered Level 15 of the Dungeon
 31754 | D:15     | Noticed Azrael
 31802 | D:14     | Killed Azrael
 32037 | D:15     | Noticed Louise
 32049 | D:15     | Killed Louise
 32049 | D:15     | Reached skill level 15 in Stealth
 32081 | D:15     | Noticed Rupert
 32120 | D:15     | Killed Rupert
 32308 | D:15     | Noticed a centaur warrior
 32699 | D:15     | Reached XP level 17. HP: 91/91 MP: 28/28
 32899 | D:15     | Found a staircase to the Depths.
 32928 | D:15     | Killed a centaur warrior
 33364 | Swamp:1  | Entered Level 1 of the Swamp
 34933 | Swamp:2  | Reached skill level 16 in Stealth
 34938 | Swamp:2  | Found a frozen archway.
 35088 | IceCv    | Entered an ice cave
 35854 | IceCv    | Noticed an Ice Fiend
 35861 | IceCv    | Killed an Ice Fiend
 35884 | IceCv    | Got a brightly glowing hat
 35909 | IceCv    | Identified the +3 hat "Elarurph" {Dex+5} (You found it in an ice cave)
 37195 | Swamp:4  | Entered Level 4 of the Swamp
 37271 | Swamp:2  | HP: 2/93 [alligator[an alligator] (23)]
 37763 | Swamp:4  | Killed Donald
 37941 | Swamp:3  | Reached XP level 18. HP: 41/98 MP: 31/31
 38217 | Swamp:3  | Reached skill level 17 in Stealth
 39279 | Swamp:4  | Noticed a bone dragon
 39411 | Swamp:4  | Killed a bone dragon
 39710 | Swamp:4  | Got a decaying rune of Zot
 40297 | Spider:1 | Entered Level 1 of the Spider Nest
 41061 | Spider:1 | Reached skill level 1 in Long Blades
 41602 | Spider:2 | Reached skill level 18 in Stealth
 41655 | Spider:2 | Noticed Aizul
 41658 | Spider:2 | Killed Aizul
 42016 | Spider:3 | Noticed Arachne
 42030 | Spider:2 | HP: 4/98 [trapdoor spider (3)]
 42347 | Spider:2 | Reached skill level 10 in Spellcasting
 42710 | Spider:3 | Killed Arachne
 42813 | Spider:3 | Noticed Kirke
 42818 | Spider:3 | Reached XP level 19. HP: 102/102 MP: 34/34
 42962 | Spider:2 | Killed Kirke
 43141 | Spider:3 | Gained mutation: Your spells are a little harder to cast, but a little more powerful. [potion of mutation]
 43141 | Spider:3 | Gained mutation: You tend to lose your temper in combat. [potion of mutation]
 43142 | Spider:3 | Lost mutation: You tend to lose your temper in combat. [potion of cure mutation]
 43142 | Spider:3 | Lost mutation: Your spells are a little harder to cast, but a little more powerful. [potion of cure mutation]
 43529 | Spider:4 | Entered Level 4 of the Spider Nest
 43529 | Spider:4 | Noticed Jorgrun
 43549 | Spider:4 | Killed Jorgrun
 44920 | Spider:4 | Reached skill level 5 in Long Blades
 44939 | Spider:4 | Reached skill level 19 in Stealth
 45719 | Spider:4 | Got a gossamer rune of Zot
 45774 | Spider:4 | Got a spiked leather armour
 45941 | Lair:6   | Identified the +7 leather armour of Impatience {rElec rC+ Int-3} (You found it on level 4 of the Spider Nest)
 46343 | Vaults:1 | Entered Level 1 of the Vaults
 46601 | Vaults:1 | Found Ytolaph's General Store.
 47213 | Vaults:1 | Reached XP level 20. HP: 65/106 MP: 36/36
 47486 | Vaults:1 | Found Rathat's Antique Armour Shoppe.
 47486 | Vaults:1 | Found Yzimatuu's Antique Armour Shoppe.
 47494 | Vaults:1 | Bought a jewelled helmet for 285 gold pieces
 47505 | Vaults:1 | Identified the cursed -6 helmet of Omaceuv {+Fly rC- MR+} (You bought it in a shop on level 1 of the Vaults)
 47525 | Vaults:1 | Found Qaustiur's Magic Scroll Shoppe.
 47545 | Vaults:1 | Bought a scroll of enchant weapon for 105 gold pieces
 48132 | Vaults:2 | Noticed Xtahua
 48134 | Vaults:2 | Killed Xtahua
 48420 | Vaults:2 | Noticed Wiglaf
 48421 | Vaults:2 | Found a staircase to the Crypt.
 48445 | Vaults:2 | Killed Wiglaf
 48727 | Vaults:2 | Reached skill level 20 in Stealth
 48959 | Vaults:2 | Found Obaes's Magic Scroll Shoppe.
 48973 | Vaults:2 | Bought a scroll of blinking for 142 gold pieces
 48973 | Vaults:2 | Bought a scroll of magic mapping for 66 gold pieces
 50859 | Vaults:3 | Reached XP level 21. HP: 78/110 MP: 39/39
 51217 | Vaults:4 | Reached skill level 15 in Hexes
 51284 | Vaults:4 | Found Wauret's Book Shoppe.
 51711 | Vaults:4 | Reached skill level 21 in Stealth
 52046 | Vaults:4 | Found Qyr Vysm's Antique Weapon Boutique.
 52128 | Vaults:4 | Found Carof's Magic Scroll Shoppe.
 52131 | Vaults:4 | Found Exeu's Magic Scroll Shoppe.
 52133 | Vaults:4 | Bought a scroll of enchant weapon for 112 gold pieces
 52149 | Vaults:4 | Bought a scroll of blinking for 112 gold pieces
 52740 | Vaults:4 | Found Awigrusm's Magic Scroll Boutique.
 53253 | Vaults:4 | Got a pitted amber ring
 53256 | Vaults:4 | Identified the ring "Sotok" {rPois rC+ MR+ Dex+2} (You found it on level 4 of the Vaults)
 53779 | Elf:1    | Entered Level 1 of the Elven Halls
 53801 | Orc:3    | Reached skill level 10 in Long Blades
 53845 | Elf:1    | Found a radiant altar of Vehumet.
 54195 | Elf:1    | Found Vonac's Weapon Shop.
 54307 | Elf:1    | Found Opsi's Gadget Shoppe.
 54313 | Elf:1    | Bought a legendary deck of summoning for 390 gold pieces
 54344 | Elf:1    | Found Yhimurr's Assorted Antiques.
 54353 | Elf:1    | Bought a square crystal amulet for 115 gold pieces
 54719 | Elf:2    | Noticed Saint Roka
 54750 | Elf:2    | Killed Saint Roka
 54876 | Elf:2    | Noticed dontdoit's ghost (powerful SpEn)
 54926 | Elf:2    | Killed dontdoit's ghost
 54926 | Elf:2    | Reached XP level 22. HP: 115/115 MP: 41/41
 54957 | Elf:2    | Noticed Roxanne
 54992 | Elf:2    | Killed Roxanne
 55011 | Elf:2    | Identified Roxanne's Incunabulum of Transmutation (You took it off Roxanne on level 2 of the Elven Halls)
 55331 | Elf:2    | Got a pair of encrusted gloves
 55342 | Elf:2    | Identified the +0 pair of gloves "Yresuij" {rElec rC+ rN+} (You acquired it on level 2 of the Elven Halls)
 55393 | Elf:2    | Found a runed gate.
 55393 | Elf:2    | Found a runed gate.
 55394 | Elf:2    | Found a runed gate.
 55514 | Elf:2    | Elyvilon protects you from harm!
 56870 | Depths:1 | Entered Level 1 of the Depths
 57032 | Depths:1 | Reached skill level 22 in Stealth
 58478 | Depths:1 | Found a gateway to Hell.
 58537 | Depths:1 | Got a smoking robe
 58548 | Depths:1 | Identified the +2 robe "Giunolaa" {rPois rF+ SInv} (You took it off an iron imp on level 1 of the Depths)
 59243 | Depths:2 | Found Figuimo's Demolitions Depot.
 59517 | D:13     | Learned a level 8 spell: Discord
 59607 | Orc:4    | Bought a book of Burglary for 1050 gold pieces
 59619 | Orc:4    | Learned a level 6 spell: Darkness
 59626 | Orc:4    | Learned a level 6 spell: Invisibility
 59781 | Elf:3    | Entered Level 3 of the Elven Halls
 60875 | Vaults:4 | Bought a book of Air for 560 gold pieces
 60878 | Vaults:4 | Learned a level 2 spell: Repel Missiles
 61599 | Elf:3    | Gained mutation: You are surrounded by a mild repulsion field (EV +2). [potion of mutation]
 61599 | Elf:3    | Gained mutation: Your spells are a little easier to cast, but a little less powerful. [potion of mutation]
 61599 | Elf:3    | Gained mutation: You are resistant to hostile enchantments. [potion of mutation]
 61600 | Elf:3    | Gained mutation: You are agile. (Dex +2) [potion of mutation]
 61600 | Elf:3    | Gained mutation: Your flesh is cold resistant. [potion of mutation]
 62424 | Elf:3    | Got an uncursed jewelled rapier {venom}
 62426 | Elf:3    | Identified the +1 rapier of the Fox {venom, rN+ Dex+4} (You found it on level 3 of the Elven Halls)
 62617 | Elf:3    | Got an ancient great sword {holy}
 62630 | Elf:3    | Identified the +3 great sword of the Sky {holy, rF+ MP+9 SInv} (You found it on level 3 of the Elven Halls)
 63004 | Elf:3    | Reached XP level 23. HP: 119/119 MP: 42/42
 63396 | Elf:3    | Hired Wukehasch the merfolk for 325 gold.
 63449 | Elf:3    | Hired Qiul the yellow draconian for 1050 gold.
 63455 | Elf:3    | Reached skill level 23 in Stealth
 63947 | Elf:3    | Got a steaming scimitar {elec}
 63977 | Elf:3    | Identified the +5 scimitar "Dragon's Tongue" {elec, +Fly rPois Dex+4} (You found it on level 3 of the Elven Halls)
 64118 | Elf:3    | Got a faintly glowing steel ring
 64126 | Elf:3    | Identified the ring "Xastuin" {rC+ Str-5 Int+4 SInv Stlth+} (You took it off a deep elf master archer on level 3 of the Elven Halls)
 64339 | Elf:3    | Learned a level 2 spell: Blink
 64342 | Elf:3    | Learned a level 2 spell: Shroud of Golubria
 64436 | Elf:3    | Got an ancient steel ring
 64902 | Elf:3    | Learned a level 5 spell: Silence
 64938 | Elf:3    | Learned a level 2 spell: Slow
 64972 | Elf:3    | Identified Khufu's Papyrus of Darkness (You found it on level 3 of the Elven Halls)
 64978 | Elf:3    | Identified Utage's Volume of Evil Cold
 65494 | Depths:2 | Noticed Asterion
 65514 | Depths:2 | Killed Asterion
 65960 | Depths:2 | Found Qiuj's Antique Armour Emporium.
 65968 | Depths:2 | Bought a pair of warped boots for 475 gold pieces
 65978 | Depths:2 | Identified the +0 pair of boots "Ownus" {Str+5} (You bought it in a shop on level 2 of the Depths)
 66871 | Depths:2 | Noticed a juggernaut
 66887 | Depths:2 | Slain by a juggernaut

Vault maps used:
D:1:      lightli_arrival_flooded_house, nemelex_altar_shiori
D:2:      nicolae_overflow_quartered_altars
D:3:      yredelemnul_altar_generic, nicolae_ashenzari_panopticon, first_bread,
          portal_sewer_entry_b, minmay_misc_feat_cross, minmay_goblin_outpost
D:4:      kiku_gazebo_pond_becter, minmay_temple_entry_statues_pillars,
          grunt_decor_cap, minmay_close_crescents
D:5:      vehumet_crystals, uniq_menkaure
D:7:      kennysheep_little_box, serial_shops, shop
D:8:      lair_0_dummy, serial_shops, shop, uniq_gastronok, uniq_maurice,
          uniq_psyche, uniq_joseph
D:9:      grunt_gozag_statues
D:10:     basic_altar, uniq_urug
D:11:     basic_altar, enter_bailey_3
D:12:     basic_altar, hangedman_little_slice_of_home, nooodl_food_tri
D:13:     david_vaults_5, lab_entry_generic
D:14:     small_statue_intersection
D:15:     gammafunk_enter_depths_forms, serial_park_tiny_pond,
          hangedman_abyss_or_decor_stabs, nrook_guardian_serpent_double,
          uniq_azrael, uniq_rupert, uniq_louise
Temple:   minmay_temple_bridge_a_8
Lair:1:   basic_altar, serial_bayou_shore_a, grunt_megastairs_2,
          infiniplex_staircase_pool, lemuel_fruit_fields
Lair:2:   serial_bayou_ford_a, lemuel_fruit_tree
Lair:3:   fungi_pond_lemuel, uniq_harold
Lair:4:   minmay_swamp_entry_worms
Lair:6:   nicolae_spider_entry_tight_spaces
Lair:8:   minmay_lair_end_enchanted_forest, slime_altar_2, serial_bayou_shore_b
Swamp:1:  serial_swamp_ruin, evilmike_swamp_ruin_house_2,
          hangedman_swamp_ruin_wall, swamp_pool1, st_swamp_ruins_4
Swamp:2:  portal_ice_cave_entry_imps, evilmike_swamp_ruin_house_5
Swamp:3:  evilmike_swamp_ruin_rubble_2
Swamp:4:  swamp_pestilence, uniq_donald
Spider:2: lemuel_spider_zombies, uniq_aizul
Spider:3: uniq_arachne, uniq_kirke
Spider:4: grunt_spider_rune_circles, nicolae_spider_cling_ruins, uniq_jorgrun
Orc:1:    serial_shops, shop, shop, shop, shop, shop_statue, uniq_erolcha,
          uniq_snorg
Orc:3:    nicolae_orc_pool_cavern
Orc:4:    grunt_orc_gardens, grunt_orc_garden, grunt_orc_garden,
          grunt_orc_garden, grunt_orc_garden, mines4_lemuel
Elf:1:    eino_elf_arrival_altar, serial_shops, shop, nicolae_shop_waterfront,
          nicolae_shop_behind_doors, minmay_elf_crystal_hexagon
Elf:2:    uniq_roxanne, uniq_saint_roka
Elf:3:    nooodl_elf_gasket
Vaults:1: ontoclasm_vaults_fault, v_alt_pattern_1, v_misc_15, v_pattern_3,
          grunt_vaults_focal, vaults_room_hallway,
          hangedman_vaults_hard_town_square, nicolae_vaults_yaktaur_gun_rack,
          nicolae_vaults_circle_grid_a, serial_shops, shop_statue
Vaults:2: minmay_crypt_entry_simple_statues, st_lattice,
          ontoclasm_vaults_hangar, hangedman_vaults_capsules, v_misc_24,
          v_misc_26, hangedman_vaults_cutoff, nicolae_vaults_shelves_hall,
          nicolae_vaults_puzzle_piece, ontoclasm_vaults_chip,
          ontoclasm_vaults_ligature, ontoclasm_vaults_chip,
          vaults_room_semicircle, serial_shops, shop_statue, uniq_wiglaf,
          uniq_xtahua
Vaults:3: hangedman_vaults_trim, vaults_dpeg_ring,
          nicolae_vaults_mini_display_case, v_misc_4,
          nicolae_vaults_little_squares_5, vaults_dpeg_doors, v_misc_32,
          v_misc_12, v_pattern_2, v_misc_16
Vaults:4: v_misc_5, hangedman_vaults_corner_blocks, ontoclasm_vaults_twist,
          dpeg_vaults_waves, vaults_mumra_lcd, v_rooms_2, v_alt_pattern_6,
          v_misc_11, ontoclasm_vaults_bender, nicolae_vaults_border_crossing,
          serial_shops, shop, shop, nicolae_shop_crystal,
          nicolae_shop_statue_plus, nicolae_shop_trees
Depths:1: minmay_misc_feat_diagonals, grunt_hell_entry_demonic_statue,
          nrook_mini_vaults, hangedman_elemental_death_ray
Depths:2: grunt_bent_corner, serial_glass, glass_columns_c, glass_columns_c,
          serial_shops, shop, hell_entry, nicolae_blasting_shop,
          minmay_staircase_windowed_small, uniq_asterion
Lab:      lab_fountain, nicolae_lab_flowing_pool
Sewer:    sewer_big_baddie
Bailey:   bailey_polearm_5, bailey
IceCv:    ice_cave_small_demon

Action                   |  1- 3 |  4- 6 |  7- 9 | 10-12 | 13-15 | 16-18 | 19-21 | 22-24 || total
-------------------------+-------+-------+-------+-------+-------+-------+-------+-------++-------
Melee: Dagger            |   183 |   243 |   428 |   967 |  1320 |  1694 |       |       ||  4835
       Quick blade       |       |       |       |       |       |  1095 |  1972 |  1088 ||  4155
       Double sword      |       |       |       |       |       |    67 |   188 |   223 ||   478
 Fire: Blowgun           |       |     6 |    39 |    59 |    30 |    15 |    36 |     2 ||   187
Throw: Throwing net      |       |       |       |       |       |       |       |     2 ||     2
 Cast: Corona            |     5 |       |       |       |       |       |       |       ||     5
       Ensorcelled Hiber |     3 |    10 |    14 |    17 |   156 |   233 |    61 |    25 ||   519
       Confuse           |       |    14 |    29 |    29 |    40 |    96 |    84 |    55 ||   347
       Tukima's Dance    |       |       |    16 |    40 |    24 |    51 |   145 |   153 ||   429
       Dazzling Spray    |       |       |       |     2 |    80 |    21 |     5 |     4 ||   112
       Repel Missiles    |       |       |       |       |       |       |       |     5 ||     5
       Darkness          |       |       |       |       |       |       |       |     1 ||     1
       Shroud of Golubri |       |       |       |       |       |       |       |     2 ||     2
       Invisibility      |       |       |       |       |       |       |       |     1 ||     1
Invok: Heal Other        |       |       |       |       |     1 |       |       |       ||     1
       Greater Healing   |       |       |       |       |       |     4 |     3 |     7 ||    14
       Divine Protection |       |       |       |       |       |       |       |     2 ||     2
Evoke: Wand              |       |       |     5 |     4 |     4 |     2 |     1 |     5 ||    21
       Rod               |       |       |       |       |       |     3 |       |       ||     3
       Phial of floods   |       |       |       |       |       |     1 |       |       ||     1
       Phantom mirror    |       |       |       |       |       |       |     1 |     1 ||     2
       Deck              |       |       |       |       |       |       |       |    11 ||    11
  Use: Potion            |       |     2 |     4 |     1 |     1 |     5 |     6 |     7 ||    26
       Scroll            |       |     4 |     1 |    22 |     8 |    27 |    13 |    13 ||    88
 Stab: Sleeping          |     6 |     7 |    17 |    62 |   103 |   154 |    86 |    35 ||   470
       Confused          |       |     3 |    11 |    13 |    23 |    54 |    51 |    27 ||   182
       Distracted        |       |       |     1 |     5 |     6 |    21 |    17 |    27 ||    77
       Betrayed ally     |       |       |       |     1 |       |       |       |       ||     1
       Invisible         |       |       |       |       |    27 |     3 |       |     3 ||    33
       Held in net/web   |       |       |       |       |       |       |       |     1 ||     1
  Eat: Chunk             |     2 |     9 |    15 |    31 |    38 |    25 |    34 |    20 ||   174
       Beef jerky        |       |     1 |       |     1 |       |     8 |       |     6 ||    16
       Royal jelly       |       |       |     1 |       |       |     3 |       |     1 ||     5
       Fruit             |       |       |       |     2 |     3 |     8 |       |     4 ||    17
       Pizza             |       |       |       |     1 |     1 |     1 |     2 |       ||     5
       Meat ration       |       |       |       |       |     1 |       |       |       ||     1
       Bread ration      |       |       |       |       |       |     1 |       |     2 ||     3
